 Dungeon Crawl Stone Soup version 0.31-a0-618-g7ca08c1ff9 (webtiles) character file.

Game seed: 3418137778907212492

463 Rohain the Slasher (level 7, -2/56 HPs)
             Began as a Gnoll Reaver on Aug 22, 2023.
             Was a Follower of Okawaru.
             Slain by Pikel
             ... wielding a +1 whip of electrocution
              (15 damage)
             ... on level 4 of the Dungeon.
             The game lasted 00:05:52 (3584 turns).

Rohain the Slasher (Gnoll Reaver)                   Turns: 3584, Time: 00:05:54

Health: -2/56      AC:  5    Str: 12    XL:     7   Next: 7%
Magic:  15/15      EV: 13    Int: 12    God:    Okawaru [*.....]
Gold:   200        SH:  0    Dex: 12    Spells: 14/17 levels left

rFire   . . .        a - +0 falchion
rCold   . . .        (no shield)
rNeg    . . .        b - +0 leather armour
rPois   .            (no helmet)
rElec   .            (no cloak)
rCorr   .            m - +1 pair of gloves
SInv    .            (no boots)
Will    .....        (no amulet)
Stlth   ++           (no ring)
HPRegen 0.29/turn    (no ring)
MPRegen 0.14/turn

%: no passive effects
@: about to teleport
A: fangs 1, strong nose, distributed training
a: Renounce Religion, Heroism


You were on level 4 of the Dungeon.
You worshipped Okawaru.
Okawaru was aware of your devotion.
You visited 2 branches of the dungeon, and saw 5 of its levels.

You collected 200 gold pieces.

Inventory:

Hand Weapons
 a - a +0 falchion (weapon)
Missiles
 d - 3 boomerangs
 f - 17 poisoned darts (quivered)
Armour
 b - a +0 leather armour (worn)
 h - an orb of wrath
 m - a +1 pair of gloves (worn)
Scrolls
 l - a scroll of revelation
 o - a scroll of blinking {unknown}
Potions
 c - 2 potions of curing
 e - a potion of heal wounds {unknown}
 j - a potion of lignification {unknown}
 k - a potion of attraction {unknown}
 p - a potion of mutation {unknown}


   Skills:
 + Level 5.1 Fighting
 + Level 2.3 Short Blades
 + Level 7.0 Long Blades
 + Level 2.3 Axes
 + Level 2.3 Maces & Flails
 + Level 2.3 Polearms
 + Level 2.3 Staves
 + Level 2.3 Ranged Weapons
 + Level 2.3 Throwing
 + Level 2.3 Armour
 + Level 5.1 Dodging
 + Level 2.3 Stealth
 + Level 2.3 Shields
 + Level 2.3 Unarmed Combat
 + Level 5.5 Spellcasting
 + Level 5.8 Conjurations
 + Level 1.8 Hexes
 + Level 1.8 Summonings
 + Level 1.8 Necromancy
 + Level 1.8 Translocations
 + Level 1.8 Transmutations
 + Level 1.8 Fire Magic
 + Level 1.8 Ice Magic
 + Level 1.8 Air Magic
 + Level 1.8 Earth Magic
 + Level 1.8 Poison Magic
 + Level 2.5 Invocations
 + Level 2.3 Evocations
 + Level 2.1 Shapeshifting


You had 14 spell levels left.
You knew the following spells:

 Your Spells              Type           Power      Damage    Failure   Level
a - Kiss of Death         Conj/Necr      48%        2d9       4%          1
b - Momentum Strike       Conj/Tloc      24%        3d8       8%          2

Your spell library contained the following spells:

 Spells                   Type           Power      Damage    Failure   Level
 Hailstorm                Conj/Ice       12%        3d5       16%         3


Dungeon Overview and Level Annotations

Branches:
Dungeon (4/15)             Temple (1/1) D:4

Altars:
Ashenzari
Dithmenos
Elyvilon
Gozag
Makhleb
Okawaru
Qazlal
Ru
Uskayaw
Vehumet
Wu Jian
Yredelemnul
Zin
The Shining One

Shops:
D:1 (   D:2 :   D:4 [

Annotations:
D:4 Natasha, Pikel


Innate Abilities, Weirdness & Mutations

You have very sharp teeth.
Your uncanny sense of smell can sniff out nearby items.
Your experience applies equally to all skills.


Message History

Aim: Pikel, wielding a +1 whip of electrocution and wearing a +0 robe (50% to hit)
You throw a poisoned dart. The poisoned dart barely misses Pikel.
Pikel hits you with a +1 whip of electrocution!
Pikel attacks as he pursues you!
Pikel hits you with a +1 whip of electrocution.
You hit Pikel.
Pikel is lightly wounded.
Pikel hits you with a +1 whip of electrocution.
An orc comes into view. It is wielding a +0 flail.
You hit Pikel but do no damage.
Pikel is lightly wounded.
Pikel closely misses you.
You hit Pikel.
Pikel is lightly wounded.
Pikel barely misses you.
You barely miss Pikel. Your bite misses Pikel.
Pikel is lightly wounded.
Pikel says, "I just want to get paid!"
Pikel barely misses you.
You hit Pikel but do no damage.
Pikel is lightly wounded.
Pikel barely misses you.
You hit Pikel but do no damage.
Pikel is lightly wounded.
Pikel hits you with a +1 whip of electrocution!
You hit Pikel. You bite Pikel, but do no damage.
Pikel is lightly wounded.
Pikel hits you with a +1 whip of electrocution!
You completely miss Pikel.
Pikel is lightly wounded.
Pikel hits you with a +1 whip of electrocution!
As you read the scroll of teleportation, it crumbles to dust.
You feel strangely unstable. Pikel misses you.
Natasha hisses angrily.
Pikel attacks as he pursues you!
Pikel hits you with a +1 whip of electrocution.
* * * LOW HITPOINT WARNING * * *
You are electrocuted!
You die...
Pikel says, "Another soul for the market."

#....# ####.#
#.# #.# ∆#.#
#.# #.#
#.###########
#.@K.o.([..^#
#..########.#
#..# #..#
#..# .......
#h># ......h
...# ...#.#
...# .....


You could see Pikel, Natasha and an orc.

Vanquished Creatures
  Sigmund (D:3)
  Edmund (D:3)
  3 lemures
  A howler monkey (D:4)
  An orc priest (D:3)
  A hound (D:3)
  An iguana (D:4)
  4 adders
  A worm (D:2)
  2 dart slugs (D:1)
  3 orcs (D:3)
  3 endoplasms
  2 goblins
  3 hobgoblins (D:2)
  3 kobolds
  A quokka (D:1)
  4 ball pythons
  2 frilled lizards
  2 rats (D:1)
  A spectral hobgoblin (D:1)
40 creatures vanquished.

Notes
Turn   | Place    | Note
-------+----------+-------------------------------------------
     0 | D:1      | Rohain the Gnoll Reaver began the quest for the Orb.
     0 | D:1      | Reached XP level 1. HP: 20/20 MP: 6/6
   168 | D:1      | Found a faded altar of an unknown god.
   231 | D:1      | Reached XP level 2. HP: 25/26 MP: 7/7
   256 | D:1      | Found Jyr Joakaoha's Weapon Shoppe.
   793 | D:2      | Found Utiedu's Book Emporium.
   844 | D:2      | Reached skill level 5 in Spellcasting
   844 | D:2      | Reached XP level 3. HP: 22/31 MP: 7/9
  1362 | D:2      | Reached skill level 1 in Invocations
  1417 | D:2      | You fall into a shaft and drop 2 floors!
  1452 | D:4      | Noticed a black bear
  1508 | D:4      | Noticed Natasha
  1541 | D:4      | Reached skill level 1 in Short Blades
  1541 | D:4      | Reached skill level 1 in Axes
  1541 | D:4      | Reached skill level 1 in Maces & Flails
  1541 | D:4      | Reached skill level 1 in Polearms
  1541 | D:4      | Reached skill level 1 in Staves
  1541 | D:4      | Reached skill level 1 in Ranged Weapons
  1541 | D:4      | Reached skill level 1 in Throwing
  1541 | D:4      | Reached skill level 1 in Armour
  1541 | D:4      | Reached skill level 1 in Stealth
  1541 | D:4      | Reached skill level 1 in Shields
  1541 | D:4      | Reached skill level 1 in Unarmed Combat
  1541 | D:4      | Reached skill level 1 in Evocations
  1541 | D:4      | Reached skill level 1 in Shapeshifting
  1541 | D:4      | Reached XP level 4. HP: 11/36 MP: 9/11
  1666 | D:4      | Found Ufinos's Armour Shop.
  1693 | D:4      | Found a staircase to the Ecumenical Temple.
  1709 | D:4      | Reached skill level 1 in Hexes
  1709 | D:4      | Reached skill level 1 in Summonings
  1709 | D:4      | Reached skill level 1 in Necromancy
  1709 | D:4      | Reached skill level 1 in Translocations
  1709 | D:4      | Reached skill level 1 in Transmutations
  1709 | D:4      | Reached skill level 1 in Fire Magic
  1709 | D:4      | Reached skill level 1 in Ice Magic
  1709 | D:4      | Reached skill level 1 in Air Magic
  1709 | D:4      | Reached skill level 1 in Earth Magic
  1709 | D:4      | Reached skill level 1 in Poison Magic
  1711 | Temple   | Entered the Ecumenical Temple
  1731 | Temple   | Became a worshipper of Warmaster Okawaru
  1743 | D:4      | Noticed Edmund
  1876 | D:3      | Found a sacrificial altar of Ru.
  1914 | D:3      | Reached XP level 5. HP: 34/43 MP: 12/12
  2023 | D:3      | Noticed Sigmund
  2038 | D:3      | Found a white marble altar of Elyvilon.
  2038 | D:3      | Found a shadowy altar of Dithmenos.
  2320 | D:3      | Killed Sigmund
  2320 | D:3      | Reached * piety under Okawaru
  2321 | D:3      | Reached skill level 5 in Fighting
  2321 | D:3      | Reached skill level 5 in Dodging
  2321 | D:3      | Reached XP level 6. HP: 35/51 MP: 14/14
  2557 | D:3      | Learned a level 2 spell: Momentum Strike
  3103 | D:3      | Killed Edmund
  3104 | D:3      | Reached skill level 7 in Long Blades
  3104 | D:3      | Reached XP level 7. HP: 26/56 MP: 15/15
  3568 | D:4      | Noticed Pikel
  3584 | D:4      | Slain by Pikel

Illustrated notes

Levels and vault maps discovered:
D:1:      ncdulo_lavacross, layout_loops_ring,
          dreamdust_ecumenical_altar_drowned_temple, serial_shops, shop,
          serial_aquarium, aquarium_bridge_long_joined
          [aquarium_subvault_bridge, aquarium_subvault_wall,
          aquarium_subvault_window, aquarium_subvault_bridge,
          aquarium_subvault_bridge, aquarium_subvault_bridge],
          aquarium_window_corridor_3, aquarium_window_1, aquarium_window_2,
          aquarium_window_fake, aquarium_view_2d, aquarium_pool_2
D:2:      layout_basic, serial_shops, nicolae_lakefront_shop
D:3:      layout_basic, nicolae_ru_the_path_less_chosen,
          grunt_temple_overflow_open, uniq_sigmund
D:4:      layout_loops_ring, temple_fountains, serial_shops,
          nicolae_shop_just_a_little_nook, uniq_edmund, uniq_pikel, uniq_natasha
Temple:   minmay_freezing_vapour_temple

Skill      XL: |  1  2  3  4  5  6 |
---------------+-------------------+-----
Spellcasting   | 5 |  5.5
Invocations    | 1 2 |  2.5
Short Blades   | 1 2 |  2.3
Axes           | 1 2 |  2.3
Maces & Flails | 1 2 |  2.3
Polearms       | 1 2 |  2.3
Staves         | 1 2 |  2.3
Ranged Weapons | 1 2 |  2.3
Throwing       | 1 2 |  2.3
Armour         | 1 2 |  2.3
Stealth        | 1 2 |  2.3
Shields        | 1 2 |  2.3
Unarmed Combat | 1 2 |  2.3
Evocations     | 1 2 |  2.3
Shapeshifting  | 1 2 |  2.1
Hexes          | 1 |  1.8
Summonings     | 1 |  1.8
Necromancy     | 1 |  1.8
Translocations | 1 |  1.8
Transmutations | 1 |  1.8
Fire Magic     | 1 |  1.8
Ice Magic      | 1 |  1.8
Air Magic      | 1 |  1.8
Earth Magic    | 1 |  1.8
Poison Magic   | 1 |  1.8
Fighting       | 5 |  5.1
Dodging        | 5 |  5.1
Long Blades    | 7 |  7.0
Conjurations   | |  5.8

Action                     |  1- 3 |  4- 6 |  7- 9 || total
---------------------------+-------+-------+-------++-------
  Melee: Falchion          |    69 |    61 |    78 ||   208
         Bite              |     9 |    10 |     8 ||    27
         Punch             |     1 |     1 |     1 ||     3
  Throw: Boomerang         |     6 |       |       ||     6
         Dart              |       |     8 |     2 ||    10
   Cast: Kiss of Death     |     1 |       |       ||     1
  Evoke: Wand              |       |     8 |       ||     8
    Use: Scroll            |     3 |     1 |     3 ||     7
   Stab: Sleeping          |     2 |       |       ||     2
 Armour: Leather armour    |    12 |    21 |     8 ||    41
  Dodge: Dodged            |    30 |    48 |    44 ||   122

Table legend: (Time is in decaauts)
 A = Elapsed time spent in this place.
 B = Non-inter-level travel time spent in this place.
 C = Inter-level travel time spent in this place.
 D = Time resting spent in this place.
 E = Time spent auto-exploring this place.
 F = Levels seen in this place.
 G = Mean time per level.
                   A        B        C        D        E       F      G
               +--------+--------+--------+--------+--------+-----+--------+
         Total |   3584 |   3429 |    155 |    570 |   2054 |   5 |  716.8 |
       Dungeon |   3558 |   3403 |    155 |    570 |   2039 |   4 |  889.5 |
        Temple |     25 |     25 |      0 |      0 |     15 |   1 |   25.0 |
               +--------+--------+--------+--------+--------+-----+--------+

Top non-repeatable levels by time:
     D:3: 1325 daAuts
     D:2: 861 daAuts
     D:1: 778 daAuts
     D:4: 593 daAuts
  Temple: 25 daAuts
